 Dungeon Sprint DCSS version 0.31-a0-1-g4198be8af4 (webtiles) character file.

Game seed: 7656905070703326204

660 sircluck the Grappler (level 7, -6/117 HPs)
             Began as a Troll Berserker on May 2, 2023.
             Was a High Priest of Trog.
             Mangled by a merfolk
             ... wielding a +0 trident
              (13 damage)
             ... in the Dungeon (Sprint VII: "The Pits").
             The game lasted 00:01:20 (294 turns).

sircluck the Grappler (Troll Berserker)              Turns: 294, Time: 00:01:21

Health: -6/117     AC:  7    Str: 28    XL:     7   Next: 30%
Magic:  6/6        EV: 11    Int:  3    God:    Trog [*****.]
Gold:   0          SH:  0    Dex:  9    Spells: 6/6 levels left

rFire   . .          .
                       - Unarmed
rCold   . . .        (no shield)
rNeg    . . .        k - +0 steam dragon scales
rPois   .            (helmet restricted)
rElec   .            (no cloak)
rCorr   .            (gloves unavailable)
SInv    .            (boots unavailable)
Will    .....        (no amulet) Stlth
                     (no ring)
HPRegen 1.19/turn    (no ring)
MPRegen 0.10/turn

%: no teleportation
@: berserking (expiring), very quick
A: large, unfitting armour, claws 3, regeneration 1, shaggy fur 1, tough skin 1
a: Renounce Religion, Berserk, Trog's Hand, Brothers in Arms


You were in the Dungeon.
You worshipped Trog.
Trog was extremely pleased with you.
You visited 1 branch

Inventory:

Missiles
 j - 10 stones (quivered)
Armour
 a - a +0 animal skin
 k - +0 steam dragon scales (worn)
Scrolls
 g - a scroll of blinking
 i - a scroll of butterflies
Potions
 b - 6 potions of curing
 c - 5 potions of heal wounds
 d - a potion of haste
 e - 4 potions of magic
 f - 3 potions of berserk rage
 h - 2 potions of invisibility


   Skills:
 + Level 7.4 Fighting
 + Level 7.8 Dodging
 + Level 1.2 Stealth
 + Level 10.6 Unarmed Combat


You had 6 spell levels left.
You didn't know any spells.
Your spell library was empty.

Dungeon Overview and Level Annotations

Branches:
Dungeon (1/1)

Altars:
Ashenzari
Cheibriados
Dithmenos
Elyvilon
Fedhas
Gozag
Hepliaklqana
Kikubaaqudgha
Makhleb
Nemelex Xobeh
Okawaru
Qazlal
Ru
Sif Muna
Trog
Uskayaw
Vehumet
Wu Jian
Xom
Yredelemnul
Zin
The Shining One
Jiyva
Lugonu


Innate Abilities, Weirdness & Mutations

You are too large for most types of armour.
You have claws for hands.
Your natural rate of healing is unusually fast.
You are covered in fur. (AC +1)
You have tough skin. (AC +1)


Message History

* * * LOW HITPOINT WARNING * * *
The floating eye seems to glare at you.
You can move again.
The ball python bites you but does no damage.
There is an open door here.
You mangle the ball python!!
You kill the ball python!
Trog accepts your kill.
The merfolk hits you from afar with a +0 trident.
* * * LOW HITPOINT WARNING * * *
You feel much better.
The merfolk hits you from afar with a +0 trident!
You claw the floating eye!
The floating eye is severely wounded.
The merfolk hits you from afar with a +0 trident!
You mangle the floating eye!!
You kill the floating eye!
Trog accepts your kill.
The merfolk hits you from afar with a +0 trident!
* * * LOW HITPOINT WARNING * * *
A red film seems to cover your vision as you go berserk!
You feel yourself moving faster!
You feel mighty!
The merfolk hits you from afar with a +0 trident!
* * * LOW HITPOINT WARNING * * *
You are too injured to fight recklessly!
You feel a strong urge to attack something.
There is an open door, spattered with blood here.
You see here a ball python corpse.
You closely miss the merfolk. The merfolk barely misses you.
You closely miss the merfolk. You claw the merfolk!
The merfolk is moderately wounded.
The merfolk hits you with a +0 trident!
* * * LOW HITPOINT WARNING * * *
You scratch the merfolk.
The merfolk is moderately wounded.
You claw the merfolk!
The merfolk is heavily wounded.
The merfolk hits you with a +0 trident!
You die...

#.#.....#'###...<...#
#.#........##.......#
#.#........##.......#
#'###########.......#
#.......#.. #########
#.###...#.######
#.#.....#)#....#
#)#...#.#)#....#
#))...#.#†@m...+
#)†.###.#'#....#
#.......'†#....#
################


You could see a merfolk.

Vanquished Creatures
  A steam dragon (D)
  A floating eye (D)
  A black bear (D)
  A phantom (D)
  2 scorpions (D)
  A hound (D)
  A jelly (D)
  Terence (D)
  An orc wizard (D)
  2 river rats (D)
  An ufetubus (D)
  An adder zombie (D)
  2 orcs (D)
  2 ball pythons (D)
  A giant cockroach (D)
  2 goblins (D)
  4 jackals (D)
  A quokka (D)
  A bat (D)
  A frilled lizard (D)
28 creatures vanquished.

Notes
Turn   | Place    | Note
-------+----------+-------------------------------------------
     0 | D        | sircluck the Troll Berserker began the quest for the Orb.
     0 | D        | Reached XP level 1. HP: 22/22 MP: 0/0
    17 | D        | Reached XP level 2. HP: 22/31 MP: 1/1
    44 | D        | Found a bloodstained altar of Trog.
    44 | D        | Found a shimmering blue altar of Sif Muna.
    44 | D        | Found a viscous altar of Jiyva.
    44 | D        | Found a hazy altar of Hepliaklqana.
    44 | D        | Found an opulent altar of Gozag.
    45 | D        | Found a glowing golden altar of the Shining One.
    45 | D        | Found a glowing silver altar of Zin.
    45 | D        | Found a basalt altar of Yredelemnul.
    45 | D        | Found a shimmering altar of Xom.
    45 | D        | Found an ornate altar of the Wu Jian Council.
    45 | D        | Found a sacrificial altar of Ru.
    45 | D        | Found a stormy altar of Qazlal.
    45 | D        | Found an iron altar of Okawaru.
    45 | D        | Found a sparkling altar of Nemelex Xobeh.
    45 | D        | Found a burning altar of Makhleb.
    45 | D        | Found a blossoming altar of Fedhas.
    45 | D        | Found a white marble altar of Elyvilon.
    45 | D        | Found a shadowy altar of Dithmenos.
    45 | D        | Found a snail-covered altar of Cheibriados.
    47 | D        | Found a radiant altar of Vehumet.
    47 | D        | Found a corrupted altar of Lugonu.
    48 | D        | Found a hide-covered altar of Uskayaw.
    48 | D        | Found an ancient bone altar of Kikubaaqudgha.
    48 | D        | Found a broken altar of Ashenzari.
    63 | D        | Noticed a scorpion
    68 | D        | Killed a scorpion
    69 | D        | Reached skill level 5 in Unarmed Combat
    69 | D        | Reached XP level 3. HP: 40/40 MP: 2/2
    75 | D        | Reached ** piety under Trog
    84 | D        | Reached XP level 4. HP: 49/49 MP: 3/3
    89 | D        | Reached *** piety under Trog
   101 | D        | Reached **** piety under Trog
   102 | D        | Reached skill level 5 in Fighting
   102 | D        | Reached skill level 5 in Dodging
   102 | D        | Reached skill level 6 in Unarmed Combat
   147 | D        | Noticed a phantom
   170 | D        | Killed a phantom
   171 | D        | Reached skill level 7 in Unarmed Combat
   171 | D        | Reached XP level 5. HP: 51/59 MP: 4/4
   188 | D        | Noticed a black bear
   195 | D        | Killed a black bear
   196 | D        | Reached skill level 8 in Unarmed Combat
   196 | D        | Reached XP level 6. HP: 50/68 MP: 5/5
   197 | D        | Reached ***** piety under Trog
   215 | D        | Received a gift from Trog
   239 | D        | Noticed a steam dragon
   244 | D        | Killed a steam dragon
   245 | D        | Reached skill level 1 in Stealth
   245 | D        | Reached skill level 9 in Unarmed Combat
   257 | D        | Noticed Terence
   263 | D        | Killed Terence
   267 | D        | Received a gift from Trog
   268 | D        | Reached skill level 10 in Unarmed Combat
   268 | D        | Reached XP level 7. HP: 71/78 MP: 6/6
   276 | D        | Noticed a merfolk
   278 | D        | Paralysed by a floating eye for 4 turns
   294 | D        | Mangled by a merfolk

Illustrated notes

Levels and vault maps discovered:
D:        pitsprint [storerooms_1, entrance_room_1, metal_vault_6, armoury_1,
          mini_pit_1, grid_room_1, main_hall_1, silver_pit, the_coven_2,
          the_vestibule_1, steel_vault_2, golden_pit, hallway_of_sentries,
          crystal_vault_6, iron_vault_1, final_vault]

Skill      XL: |  1  2  3  4  5  6 |
---------------+-------------------+-----
Fighting       | 3 4 5 6 7 |  7.4
Dodging        | 3 4 5 6 7 |  7.8
Unarmed Combat | 5 7 8 10 | 10.6
Stealth        | 1 |  1.2

Action                     |  1- 3 |  4- 6 |  7- 9 || total
---------------------------+-------+-------+-------++-------
  Melee: Unarmed           |    17 |    62 |     9 ||    88
         Punch             |       |     2 |       ||     2
 Invoke: Berserk           |       |       |     1 ||     1
    Use: Potion            |       |       |     1 ||     1
   Stab: Distracted        |       |     1 |       ||     1
 Armour: Animal skin       |    10 |    30 |       ||    40
         Steam dragon scal |       |     3 |     4 ||     7
  Dodge: Dodged            |     7 |    42 |     1 ||    50

Table legend: (Time is in decaauts)
 A = Elapsed time spent in this place.
 B = Non-inter-level travel time spent in this place.
 C = Inter-level travel time spent in this place.
 D = Time resting spent in this place.
 E = Time spent auto-exploring this place.
 F = Levels seen in this place.
 G = Mean time per level.
                   A        B        C        D        E       F      G
               +--------+--------+--------+--------+--------+-----+--------+
         Total |    280 |    280 |      0 |     16 |     53 |   1 |  280.0 |
       Dungeon |    280 |    280 |      0 |     16 |     53 |   1 |  280.0 |
               +--------+--------+--------+--------+--------+-----+--------+

Top non-repeatable levels by time:
       D: 280 daAuts
